 Dungeon Crawl Stone Soup version 0.19-a0-944-gb338e1e (webtiles) character file.

1487 mistymad the Archer (level 8, -3/74 HPs)
             Began as a Centaur Hunter on July 9, 2016.
             Was an Initiate of Fedhas.
             Slain by an orc warrior
             ... wielding a +0 halberd
              (15 damage)
             ... on level 6 of the Dungeon.
             The game lasted 00:20:32 (9342 turns).

mistymad the Archer (Centaur Hunter)                Turns: 9342, Time: 00:20:33

Health: -3/74      AC:  7    Str: 19    XL:     8   Next: 50%
Magic:  0/8        EV: 10    Int: 12    God:    Fedhas [......]
Gold:   262        SH:  0    Dex: 12    Spells: 0 memorised, 7 levels left

rFire  + . .     SeeInvis .     b - +0 short sword
rCold  . . .     Gourm    .     B - +2 leather armour {rF+}
rNeg   . . .     Faith    .     (no shield)
rPois  .         Spirit   +     (no helmet)
rElec  .         Dismiss  .     v - +0 cloak
rCorr  .         Reflect  .     (no gloves)
SustAt .         Harm     .     (no barding)
MR     .....                    w - amulet of guardian spirit
Stlth  +.........               A - +4 ring of strength
                                u - +1 ring of evasion

@: very quick, not resistant to hostile enchantments, very unstealthy
A: hooves 3, clever 1, deformed body, speed 2, sense surroundings 1,
regeneration 1, screaming 1, tough skin 3
a: Renounce Religion


You were on level 6 of the Dungeon.
You worshipped Fedhas.
Fedhas was noncommittal.
You were very hungry.

You visited 2 branches of the dungeon, and saw 7 of its levels.

You collected 262 gold pieces.

Inventory:

Hand Weapons
 a - a +1 shortbow
 b - a +0 short sword (weapon)
Armour
 i - a +1 ring mail of poison resistance
 v - a +0 cloak (worn)
 B - a +2 leather armour of fire resistance (worn)
Jewellery
 u - a +1 ring of evasion (left hand)
 w - an amulet of guardian spirit (around neck)
 A - a +4 ring of strength (right hand)
Wands
 g - a wand of random effects (21/48)
 z - a wand of random effects (9/48)
Scrolls
 c - a scroll of blinking {unknown}
 e - 2 scrolls of identify {unknown}
 k - 4 scrolls of teleportation {unknown}
 l - a scroll of enchant armour {unknown}
 s - a scroll of fear {unknown}
 t - a scroll of magic mapping {unknown}
 y - a scroll of amnesia {unknown}
Potions
 j - 3 potions of curing
 m - a potion of ambrosia {unknown}
 n - a potion of brilliance {unknown}
 o - a potion of cancellation {unknown}
 p - 2 potions of haste {unknown}
 q - a potion of flight {unknown}
 r - a potion of mutation {unknown}
 x - a potion of degeneration {unknown}
Comestibles
 f - 5 bread rations
 h - 5 meat rations


   Skills:
 + Level 7.7 Fighting
 + Level 11.1 Bows
 - Level 1.3 Dodging
 - Level 0.5 Stealth


You had 7 spell levels left.
You didn't know any spells.

Dungeon Overview and Level Annotations

Branches:
Dungeon (6/15)             Temple (1/1) D:5

Altars:
Ashenzari
Cheibriados
Dithmenos
Elyvilon
Fedhas
Gozag
Kikubaaqudgha
Makhleb
Nemelex Xobeh
Okawaru
Pakellas
Qazlal
Ru
Sif Muna
Trog
Xom
Yredelemnul
Zin

Annotations:
D:3 tstbtto's ghost, amateur MiFi


Innate Abilities, Weirdness & Mutations

You have hooves in place of feet.
Armour fits poorly on your strangely shaped body.
You cover ground very quickly.
You have extremely tough skin. (AC +3)
Your mind is acute. (Int +2)
You passively map a small area around you.
Your natural rate of healing is unusually fast.
You occasionally shout uncontrollably at your foes.


Message History

You closely miss the orc warrior. Your kick misses the orc warrior.
The orc warrior is moderately wounded.
The orc warrior hits you with a halberd!!
* * * LOW HITPOINT WARNING * * *
You take 15 damage, and have 22/74 hp.
MASSIVE DAMAGE!!
You now have 3/8 mp.
You puncture the orc warrior!
You kick the orc warrior, but do no damage.
The orc warrior is heavily wounded.
The orc warrior hits you with a halberd!
* * * LOW HITPOINT WARNING * * *
You take 10 damage, and have 12/74 hp.
You now have 2/8 mp.
You closely miss the orc warrior.
You kick the orc warrior, but do no damage.
The orc warrior is heavily wounded.
The orc warrior hits you with a halberd.
* * * LOW HITPOINT WARNING * * *
Unknown command.
The orc warrior hits you from afar with a halberd!
You die...
Fedhas appreciates your contribution to the ecosystem.

........ , , ....... #.# #....
........ *.##....###.# #....
<....... , .....?.....# #....
.##.#### * , ###....##### #....
.. ... #....* #.... ###
.########################[...
###..............o.....((((.[....
..5...##......###############....
#####.##......o.@.......#..o)####
#####.##......#########.#.##.####
.......................o.........
#####..#.###.##.#####.#.#.#......
#....###.##.##.o..#.#.#......
#........##.##.#..#.#.#......
#........##.##.#..#.#.##.####
#####........##.#..#..#.#.##.....
.[...........##.##.#..#.#.##.....


You could see an orc warrior.

Vanquished Creatures
  Eustachio (D:5)
  Edmund (D:4)
  An ice beast (D:5)
  A sky beast (D:6)
  A slave (D:6)
  A phantom (D:5)
  2 ogres (D:4)
  2 giant frogs (D:6)
  A scorpion (D:5)
  A howler monkey (D:5)
  2 crimson imps
  A jelly (D:6)
  An iguana (D:4)
  4 worker ants
  2 orc wizards (D:6)
  A hound zombie (D:3)
  A howler monkey zombie (D:5)
  2 worker ant zombies (D:5)
  A gnoll (D:4)
  A howler monkey skeleton (D:4)
  11 adders
  2 shadow imps
  2 oozes
  4 worms
  3 dart slugs
  4 giant geckos
  6 orcs
  5 giant cockroaches
  3 goblins
  11 hobgoblins
  6 jackals
  7 quokkas
  11 bats
  A giant newt (D:1)
  6 kobolds
  5 rats
115 creatures vanquished.

Vanquished Creatures (others)
  9 toadstools
9 creatures vanquished.

Grand Total: 124 creatures vanquished

Notes
Turn   | Place    | Note
-------+----------+-------------------------------------------
     0 | D:1      | mistymad the Centaur Hunter began the quest for the Orb.
     0 | D:1      | Reached XP level 1. HP: 17/17 MP: 1/1
   239 | D:1      | Reached XP level 2. HP: 25/25 MP: 2/2
   777 | D:1      | Reached XP level 3. HP: 27/30 MP: 3/3
  1080 | D:1      | Reached skill level 6 in Bows
  2260 | D:1      | Reached XP level 4. HP: 20/38 MP: 4/4
  2923 | D:2      | Found a shimmering altar of Xom.
  2923 | D:2      | Found a glowing silver altar of Zin.
  2923 | D:2      | Found a stormy altar of Qazlal.
  3643 | D:3      | Reached XP level 5. HP: 14/46 MP: 5/5
  3957 | D:3      | Reached skill level 7 in Bows
  3979 | D:3      | Found a burning altar of Makhleb.
  3979 | D:3      | Noticed a green death
  3988 | D:3      | Found an oddly glowing altar of Pakellas.
  3989 | D:3      | Noticed tstbtto's ghost (amateur MiFi)
  3991 | D:3      | Found a shattered altar of Ashenzari.
  4686 | D:3      | Found a deep blue altar of Sif Muna.
  5047 | D:4      | Noticed an ogre
  5056 | D:4      | Killed an ogre
  5056 | D:4      | Reached XP level 6. HP: 32/53 MP: 6/6
  5205 | D:4      | Noticed Edmund
  5231 | D:4      | Killed Edmund
  5231 | D:4      | Reached skill level 5 in Fighting
  5231 | D:4      | Reached skill level 8 in Bows
  5355 | D:4      | Reached XP level 7. HP: 35/61 MP: 7/7
  6232 | D:5      | Entered Level 5 of the Dungeon
  6237 | D:5      | Found a staircase to the Ecumenical Temple.
  6257 | D:5      | Noticed Eustachio
  6333 | D:5      | Reached skill level 9 in Bows
  6954 | Temple   | Entered the Ecumenical Temple
  7006 | Temple   | Became a worshipper of Fedhas Madash
  7840 | D:5      | Killed Eustachio
  7840 | D:5      | Reached skill level 10 in Bows
  7840 | D:5      | Reached XP level 8. HP: 62/71 MP: 6/8
  8620 | D:6      | Gained mutation: Your spells are a little easier to cast, but a little less powerful. [mutagenic meat]
  8623 | D:6      | Gained mutation: You passively map a small area around you. [mutagenic meat]
  8626 | D:6      | Lost mutation: Your spells are a little easier to cast, but a little less powerful. [mutagenic meat]
  8629 | D:6      | Gained mutation: Your natural rate of healing is unusually fast. [mutagenic meat]
  8632 | D:6      | Gained mutation: You occasionally shout uncontrollably at your foes. [mutagenic meat]
  8635 | D:6      | Gained mutation: Your mind is acute. (Int +2) [mutagenic meat]
  9019 | D:6      | Reached skill level 11 in Bows
  9342 | D:6      | Slain by an orc warrior

Vault maps used:
D:1:      minmay_arrival_four_loops, kennysheep_pointless_box
D:2:      gammafunk_temple_overflow_claw
D:3:      gammafunk_temple_overflow_forgotten, makhleb_altar_promises_db
D:4:      grunt_ministairs_3, uniq_edmund
D:5:      first_bread, minmay_misc_feat_tiny, uniq_eustachio
D:6:      minmay_misc_feat_cross, uniq_pikel, uniq_blork_the_orc
Temple:   minmay_temple_bridge_abc

Skill      XL: |  1  2  3  4  5  6  7  8 |
---------------+-------------------------+-----
Fighting       | 3 4 5 6 7 |  7.7
Bows           | 6 7 8 10 11 | 11.1
Dodging        | |  1.3
Stealth        | |  0.5

Action                   |  1- 3 |  4- 6 |  7- 9 || total
-------------------------+-------+-------+-------++-------
Melee: Short sword       |   114 |   175 |   258 ||   547
       Kick              |    24 |    42 |    90 ||   156
 Fire: Shortbow          |    26 |    54 |   119 ||   199
  Use: Potion            |       |     2 |       ||     2
  Eat: Chunk             |     2 |    11 |    12 ||    25
       Pizza             |       |       |     1 ||     1
       Beef jerky        |       |       |     1 ||     1
Armor: Leather armour    |    69 |    85 |   100 ||   254
Dodge: Dodged            |    70 |   115 |   124 ||   309
